 Dungeon Crawl Stone Soup version 0.31-a0-408-gb642c7f9a3 (webtiles) character file.

Game seed: 14728981418378036980

19706 HoaS the Brawler (level 12, -6/112 HPs)
             Began as a Ghoul Monk on July 29, 2023.
             Was the Champion of Wu Jian.
             Mangled by a harpy simulacrum (7 damage)
             ... in an ice cave.
             The game lasted 00:38:53 (12094 turns).

HoaS the Brawler (Ghoul Monk)                      Turns: 12094, Time: 00:38:53

Health: -6/112     AC: 17    Str: 26    XL:     12   Next: 71%
Magic:  11/11      EV:  8    Int:  5    God:    Wu Jian [******]
Gold:   582        SH:  5    Dex: 11    Spells: 11/11 levels left

rFire   . .          .
                       - Unarmed
rCold   + . .        c - orb {light}
rNeg    + + +        g - +0 plate armour
rPois   ∞            (no helmet)
rElec   .            m - +0 cloak
rCorr   .            (no gloves)
SInv    .            r - +0 pair of boots
Will    .....        u - amulet of reflection Stlth
                     p - +4 ring of slaying
HPRegen 0.00/turn    x - +6 ring of strength
MPRegen 0.12/turn

%: reflection
@: inhibited regen, glowing, studying Shields
A: claws 1, cold resistance 1, negative energy resistance 3, inhibited
regeneration, torment resistance 2, devour on kill
a: Renounce Religion, Wall Jump, Serpent's Lash, Heavenly Storm


You were in an ice cave.
You worshipped Wu Jian.
Wu Jian was exalted by your worship.
You visited 3 branches of the dungeon, and saw 13 of its levels.
You also visited: Bailey and Ice Cave.

You collected 747 gold pieces.
You spent 165 gold pieces at shops.

Inventory:

Missiles
 o - 2 throwing nets
Armour
 c - an orb of light (worn)
 g - a +0 plate armour (worn)
 m - a +0 cloak (worn)
 r - a +0 pair of boots (worn)
 y - a +2 buckler of cold resistance
Jewellery
 l - a ring of willpower
 p - a +4 ring of slaying (left claw)
 q - a ring of flight
 s - a ring of fire
 u - an amulet of reflection (around neck)
 x - a +6 ring of strength (right claw)
Wands
 d - a wand of flame (15) (quivered)
 i - a wand of iceblast (10)
 n - a wand of paralysis (13)
 z - a wand of light (8)
Scrolls
 e - 4 scrolls of fog
 h - 2 scrolls of immolation
 k - 4 scrolls of teleportation
 v - 2 scrolls of identify
 C - a scroll of poison
Potions
 a - 4 potions of cancellation
 b - 3 potions of ambrosia
 f - 3 potions of curing
 j - 6 potions of haste
 t - 3 potions of might
 w - a potion of heal wounds
 A - a potion of invisibility


   Skills:
 + Level 11.8 Fighting
 + Level 9.8 Armour
 - Level 2.6 Dodging
 + Level 16.0 Unarmed Combat


You had 11 spell levels left.
You didn't know any spells.
Your spell library contained the following spells:

 Spells                   Type           Power      Damage    Failure   Level
 Cigotuvi's Dreadful Rot  Necr/Pois/Air  0%         N/A       100%        2
 Ignite Poison            Fire/Tmut/Pois 0%         N/A       100%        3
 Freezing Cloud           Conj/Ice/Air   0%         6-21      100%        5
 Irradiate                Conj/Tmut      0%         3d11      100%        5
 Wereblood                Tmut           Unusable   N/A       N/A         2

Dungeon Overview and Level Annotations

Branches:
Dungeon (10/15)            Temple (1/1) D:4            Lair (2/5) D:10
    Orc (0/2) D:9          Bailey (visited)           IceCv (1/1)
  Swamp: Lair:2-3    Shoals: Lair:2-3     Snake: Lair:2-3    Spider: Lair:2-3

Altars:
Ashenzari
Cheibriados
Dithmenos
Fedhas
Gozag
Hepliaklqana
Kikubaaqudgha
Makhleb
Nemelex Xobeh
Okawaru
Qazlal
Ru
Sif Muna
Trog
Uskayaw
Vehumet
Wu Jian
Xom
Yredelemnul

Shops:
D:4 [!:*   D:7 *


Innate Abilities, Weirdness & Mutations

You are immune to poison.
You have sharp fingernails.
Your flesh is cold resistant. (rC+)
You are immune to negative energy. (rN+++)
You do not regenerate when monsters are visible.
You are immune to unholy pain and torment.
You thrive by killing the living.


Message History

The harpy simulacrum claws you but does no damage.
The ice devil hits you. The ice devil freezes you! You resist.
* * * LOW HITPOINT WARNING * * *
As you read the scroll of fear, it crumbles to dust.
You assume a fearsome visage.
The harpy simulacrum is unaffected.
The ice devil looks frightened!
The three-headed hydra simulacrum is unaffected.
The harpy simulacrum barely misses you. The harpy simulacrum claws you.
* * * LOW HITPOINT WARNING * * *
The harpy simulacrum freezes you. You resist.
* * * LOW HITPOINT WARNING * * *
The harpy simulacrum closely misses you.
The harpy simulacrum claws you but does no damage.
There are monsters nearby!
You scratch the three-headed hydra simulacrum.
The three-headed hydra simulacrum is lightly damaged.
The harpy simulacrum claws you but does no damage. x2
The harpy simulacrum completely misses you.
The harpy simulacrum claws you but does no damage.
The three-headed hydra simulacrum bites you!
* * * LOW HITPOINT WARNING * * *
The three-headed hydra simulacrum freezes you!
You resist.
* * * LOW HITPOINT WARNING * * *
The three-headed hydra simulacrum bites you but does no damage. x2
You scratch the three-headed hydra simulacrum.
The three-headed hydra simulacrum is lightly damaged.
The harpy simulacrum claws you but does no damage.
The harpy simulacrum barely misses you.
The harpy simulacrum claws you but does no damage.
The harpy simulacrum barely misses you.
You mangle the three-headed hydra simulacrum!!
The three-headed hydra simulacrum is almost destroyed.
You block the harpy simulacrum's attack.
The harpy simulacrum claws you but does no damage.
The three-headed hydra simulacrum bites you but does no damage. x3
You scratch the three-headed hydra simulacrum.
The three-headed hydra simulacrum is almost destroyed.
The harpy simulacrum barely misses you. The harpy simulacrum claws you!
You die...

##. ##.....## ###..
#....## #...# ##..##
..... #...## .....#
##...# .... ###..##
##..##≈##..####
#...Z#≈≈#..#..##
##.#..@≈≈...#...##
.#..##Z.#≈#.......#
.....#..###...##..##
#.§○..# #..###...#
#.§§#..4# ##.#.##..#
§§§ #...# ##....#..#
#§ #.#.# #....##..#
§ ###...###....#..##
#..§○§○##...##..#


You could see an ice devil (fleeing), a three-headed hydra simulacrum and a
harpy simulacrum.

Vanquished Creatures
  A catoblepas (Lair:1)
  A hydra (Lair:1)
  2 centaur warriors (D:8)
  A boulder beetle (Lair:1)
  A two-headed ogre (D:10)
  A skyshark (Lair:2)
  An ugly thing (D:10)
  2 ice statues (IceCv)
  2 black mambas
  A torpor snail (Lair:1)
  A rime drake (Lair:2)
  A cane toad (Lair:2)
  2 komodo dragons (Lair:1)
  2 anaconda simulacra (IceCv)
  A troll (D:8)
  6 ice devils (IceCv)
  A polar bear (Lair:2)
  Sigmund (D:3)
  3 wyverns
  12 yaks
  A basilisk (Lair:1)
  2 wraiths
  2 vampire mosquitoes (D:8)
  4 steam dragons
  2 wargs (D:10)
  A harpy simulacrum (IceCv)
  An acid dragon (D:8)
  Edmund (D:6)
  5 water moccasins
  2 ice beasts
  4 orc warriors
  6 sky beasts
  2 black bears
  9 wolves
  2 ogres
  A centaur (D:7)
  2 kobold brigands
  10 bullfrogs
  4 scorpions
  2 cane toad simulacra (IceCv)
  2 two-headed ogre simulacra (IceCv)
  8 wights
  5 killer bees (D:7)
  5 howler monkeys
  2 jellies
  4 orc priests
  2 gnoll boudas
  5 hounds
  Jessica (D:3)
  3 iguanas
  2 sleepcaps
  7 orc wizards
  A spriggan simulacrum (IceCv)
  3 troll simulacra (IceCv)
  A wolf simulacrum (IceCv)
  A mummy (D:3)
  8 adders
  24 gnolls
  A naga simulacrum (IceCv)
  3 white imps
  3 ufetubi
  2 worms
  4 dart slugs
  44 orcs
  8 ball pythons
  5 bats
  4 endoplasms
  A giant cockroach (D:1)
  11 goblins
  7 hobgoblins
  18 jackals
  7 kobolds
  5 quokkas
  3 frilled lizards
  A rat (D:1)
317 creatures vanquished.

Vanquished Creatures (others)
  A white imp (IceCv)
1 creature vanquished.

Grand Total: 318 creatures vanquished

Notes
Turn   | Place    | Note
-------+----------+-------------------------------------------
     0 | D:1      | HoaS the Ghoul Monk began the quest for the Orb.
     0 | D:1      | Reached XP level 1. HP: 19/19 MP: 0/0
   160 | D:1      | Reached XP level 2. HP: 14/26 MP: 1/1
   171 | D:1      | Reached skill level 4 in Unarmed Combat
   996 | D:2      | Reached XP level 3. HP: 31/31 MP: 2/2
  1022 | D:2      | Identified a scroll of acquirement
  1022 | D:2      | Acquired a manual of Shields
  1137 | D:2      | Reached skill level 5 in Unarmed Combat
  1215 | D:2      | You fall into a shaft and drop 2 floors!
  1234 | D:3      | Reached XP level 4. HP: 36/38 MP: 3/3
  1352 | D:3      | Noticed Sigmund
  1781 | D:3      | Found a snail-covered altar of Cheibriados.
  1790 | D:3      | Reached skill level 6 in Unarmed Combat
  1883 | D:3      | Killed Sigmund
  1884 | D:3      | Reached skill level 1 in Armour
  1884 | D:3      | Reached skill level 7 in Unarmed Combat
  1884 | D:3      | Reached XP level 5. HP: 36/45 MP: 4/4
  1884 | D:3      | Reached XP level 6. HP: 41/51 MP: 5/5
  2076 | D:3      | Noticed Jessica
  2083 | D:3      | Killed Jessica
  2281 | D:4      | Found a staircase to the Ecumenical Temple.
  2292 | Temple   | Entered the Ecumenical Temple
  2394 | Temple   | Became a worshipper of the Wu Jian Council
  2394 | Temple   | Reached * piety under Wu Jian
  2394 | Temple   | Reached ** piety under Wu Jian
  2523 | D:4      | Found Tikyco's Distillery.
  2557 | D:4      | Bought a potion of haste for 120 gold pieces
  2566 | D:4      | Identified the +1 robe of Yxto {Harm}
  2568 | D:4      | Found Peofuol's Book Emporium.
  2586 | D:4      | Found Degudu's General Store.
  2656 | D:4      | Reached XP level 7. HP: 57/57 MP: 6/6
  2801 | D:4      | Found an opulent altar of Gozag.
  2844 | D:4      | Found a bloodstained altar of Trog.
  2911 | D:4      | Reached skill level 8 in Unarmed Combat
  3111 | D:4      | Found an iron altar of Okawaru.
  3145 | D:4      | Found Uduo's Armour Emporium.
  3148 | D:4      | Bought a +0 cloak for 45 gold pieces
  3221 | D:5      | Entered Level 5 of the Dungeon
  3366 | D:5      | Reached skill level 9 in Unarmed Combat
  3562 | D:5      | Found a hide-covered altar of Uskayaw.
  3601 | D:5      | Reached XP level 8. HP: 55/63 MP: 7/7
  3602 | D:5      | Reached *** piety under Wu Jian
  3887 | D:4      | Reached skill level 10 in Unarmed Combat
  4306 | D:6      | Reached skill level 11 in Unarmed Combat
  4439 | D:6      | Noticed Edmund
  4446 | D:6      | Killed Edmund
  4627 | D:5      | Reached skill level 12 in Unarmed Combat
  4627 | D:5      | Reached XP level 9. HP: 56/70 MP: 8/8
  5086 | D:7      | Reached **** piety under Wu Jian
  5145 | D:7      | Reached skill level 5 in Fighting
  5281 | D:7      | Found a radiant altar of Vehumet.
  5607 | D:7      | Found Geshrino's General Store.
  6049 | D:8      | Reached skill level 5 in Armour
  6097 | D:8      | Reached skill level 13 in Unarmed Combat
  6097 | D:8      | Reached XP level 10. HP: 83/83 MP: 9/9
  6501 | D:8      | Noticed a centaur warrior
  6511 | D:8      | Killed a centaur warrior
  6611 | D:8      | Noticed a centaur warrior
  6617 | D:8      | Killed a centaur warrior
  6802 | D:8      | Identified the +4 arbalest "Jymien Ziwi" {heavy, rC+ Will+}
  6844 | D:8      | Found a sacrificial altar of Ru.
  6972 | D:8      | Reached skill level 14 in Unarmed Combat
  7188 | D:8      | Reached XP level 11. HP: 93/95 MP: 10/10
  7418 | D:8      | Reached ***** piety under Wu Jian
  7544 | D:9      | Found a shimmering altar of Xom.
  7599 | D:9      | Found a staircase to the Orcish Mines.
  7645 | D:9      | Found a hazy altar of Hepliaklqana.
  7862 | D:9      | Identified the ring "Arghoich" {+Blink rPois MP+9 Int+4
                  | Dex-5}
  8099 | D:10     | Entered Level 10 of the Dungeon
  8114 | D:10     | Found a burning altar of Makhleb.
  8259 | D:10     | Found a flagged portal.
  8266 | Bailey   | Entered a bailey
  8826 | D:10     | Noticed a red ugly thing
  8826 | D:10     | Noticed a two-headed ogre
  8834 | D:10     | Killed a red ugly thing
  8838 | D:10     | Killed a two-headed ogre
  9097 | D:10     | Found a broken altar of Ashenzari.
  9182 | D:10     | Found a staircase to the Lair.
  9254 | Lair:1   | Entered Level 1 of the Lair of Beasts
  9278 | Lair:1   | Noticed a catoblepas
  9311 | Lair:1   | Killed a catoblepas
  9312 | Lair:1   | Reached skill level 10 in Fighting
  9639 | Lair:1   | Reached skill level 15 in Unarmed Combat
  9966 | Lair:1   | Noticed a boulder beetle
  9992 | Lair:1   | Killed a boulder beetle
  9993 | Lair:1   | Reached XP level 12. HP: 9/107 MP: 11/11
 10886 | Lair:2   | Noticed a six-headed hydra
 10886 | Lair:2   | Noticed a death yak
 10886 | Lair:2   | Noticed a death yak
 10886 | Lair:2   | Noticed a death yak
 10886 | Lair:2   | Noticed a death yak
 10886 | Lair:2   | Noticed a death yak
 11012 | Lair:1   | Killed a six-headed hydra
 11244 | Lair:2   | Noticed a skyshark
 11254 | Lair:2   | Killed a skyshark
 11377 | Lair:2   | Found a frozen archway.
 11390 | IceCv    | Entered an ice cave
 12085 | IceCv    | Reached ****** piety under Wu Jian
 12086 | IceCv    | Reached skill level 16 in Unarmed Combat
 12091 | IceCv    | HP: 1/112 [three-headed hydra simulacrum (12)]
 12094 | IceCv    | Mangled by a harpy simulacrum

Illustrated notes

Levels and vault maps discovered:
D:1:      giann_bridges, layout_basic, serial_aquarium, aquarium_bridge_straight
          [aquarium_subvault_bridge, aquarium_subvault_wall,
          aquarium_subvault_bridge, aquarium_subvault_wall],
          aquarium_window_corner, aquarium_window_corner, aquarium_view_2d,
          aquarium_view_2d, aquarium_balcony_5b, aquarium_pool_corner
D:2:      layout_basic
D:3:      layout_rooms, slow_altar_2, uniq_jessica, uniq_sigmund
D:4:      layout_rooms, kennysheep_mini, nicolae_gozag_seed_capital,
          kennysheep_okawaru_gauntlet, minmay_temple_entry_glassed_door,
          serial_shops, nicolae_shop_industrial_runoff,
          nicolae_shop_window_shopping, kennysheep_mini_moat,
          nicolae_take_the_stairs, hangedman_abyss_or_decor_stagger,
          nicolae_hexahallways
D:5:      layout_gridville, mainiacjoe_overflow_paths
D:6:      layout_rooms, nrook_mini_backslash, uniq_edmund
D:7:      layout_basic, mainiacjoe_overflow_six_doors_small, elyvilon_altar_4,
          serial_shops, nicolae_shop_peninsula, corexii_corridor_pit,
          grunt_ministairs_8
D:8:      minmay_tri_box, layout_cave_pods, nicolae_ru_the_path_less_chosen,
          palyth_stone_intersect, hangedman_misty_isle
D:9:      layout_basic, nicolae_hepliaklqana_hazy_memory,
          mainiacjoe_overflow_alcove_1, nicolae_fountain_basement
D:10:     layout_basic, bloody_makhleb, mainiacjoe_overflow_chevrons,
          erik_lair_orcish_takeover, enter_bailey_3,
          minmay_fractal_squares_gapless_5
Temple:   jpeg_temple_alley_garden
Lair:1:   layout_loops_ring
Lair:2:   layout_loops_ring, portal_ice_cave_entry_pillars_2, grunt_megastairs_3
IceCv:    ice_cave_small_demon

Skill      XL: |  1  2  3  4  5  6  7  8  9 10 11 12 |
---------------+-------------------------------------+-----
Unarmed Combat | 4 5 7 9 12 13 14 15 16 | 16.0
Armour         | 1 2 5 6 8 9 |  9.8
Fighting       | 6 8 10 11 | 11.8
Dodging        | |  2.6

Action                     |  1- 3 |  4- 6 |  7- 9 | 10-12 || total
---------------------------+-------+-------+-------+-------++-------
  Melee: Unarmed           |    92 |   104 |   258 |   438 ||   892
Ability: Lunge             |       |     3 |    14 |    37 ||    54
         Whirlwind         |       |       |       |     6 ||     6
  Evoke: Wand              |       |     3 |     2 |     1 ||     6
    Use: Scroll            |     6 |     5 |     5 |     9 ||    25
         Potion            |       |       |       |     5 ||     5
   Stab: Petrified         |       |       |       |     1 ||     1
         Invisible         |       |       |       |     1 ||     1
 Armour: Robe              |    18 |       |       |       ||    18
         Plate armour      |     2 |    60 |   135 |   177 ||   374
  Dodge: Dodged            |    46 |    22 |    43 |   113 ||   224
  Block: Orb               |       |       |       |    65 ||    65
         Reflection        |       |       |       |     1 ||     1

Table legend: (Time is in decaauts)
 A = Elapsed time spent in this place.
 B = Non-inter-level travel time spent in this place.
 C = Inter-level travel time spent in this place.
 D = Time resting spent in this place.
 E = Time spent auto-exploring this place.
 F = Levels seen in this place.
 G = Mean time per level.
                   A        B        C        D        E       F      G
               +--------+--------+--------+--------+--------+-----+--------+
         Total |  11920 |  11526 |    394 |   2196 |   7230 |  15 |  794.7 |
       Dungeon |   8753 |   8419 |    334 |   1031 |   5960 |  10 |  875.3 |
        Temple |    139 |    139 |      0 |      0 |      0 |   1 |  139.0 |
          Lair |   1978 |   1919 |     59 |    755 |    845 |   2 |  989.0 |
        Bailey |    367 |    367 |      0 |      0 |    279 |   1 |  367.0 |
      Ice Cave |    681 |    681 |      0 |    410 |    146 |   1 |  681.0 |
               +--------+--------+--------+--------+--------+-----+--------+

Top non-repeatable levels by time:
  Lair:1: 1696 daAuts
     D:8: 1546 daAuts
     D:5: 1103 daAuts
     D:1: 987 daAuts
     D:4: 926 daAuts
    D:10: 881 daAuts
     D:7: 878 daAuts
     D:6: 689 daAuts
   IceCv: 681 daAuts
     D:2: 607 daAuts
     D:9: 579 daAuts
     D:3: 552 daAuts
  Bailey: 367 daAuts
  Lair:2: 282 daAuts
  Temple: 139 daAuts
